 Dungeon Crawl Stone Soup version 0.23.2-33-g5129a83184 (webtiles) character file.

Game seed: 13483886384641585440

139 psyvane the Insei (level 5, 0/37 HPs)
             Began as a Merfolk Transmuter on July 3, 2019.
             Was an Initiate of Cheibriados.
             Slain by an orc
             ... wielding a +0 club
              (4 damage)
             ... on level 3 of the Dungeon.
             The game lasted 00:09:42 (3085 turns).

psyvane the Insei (Merfolk Transmuter)              Turns: 3085, Time: 00:09:43

Health: 0/37       AC:  2    Str: 12    XL:     5   Next: 22%
Magic:  2/8        EV: 13    Int: 14    God:    Cheibriados [......]
Gold:   88         SH:  0    Dex: 15    Spells: 2/8 levels left

rFire    . . .     SeeInvis .     - Unarmed
rCold    . . .     Gourm    .   (no shield)
rNeg     + . .     Faith    .   b - +0 robe
rPois    .         Spirit   .   (no helmet)
rElec    .         Reflect  .   (no cloak)
rCorr    .         Harm     .   (no gloves)
MR       .....                  (no boots)
Stlth    +.........             (no amulet)
HPRegen  0.12/turn              f - ring of positive energy
MPRegen  0.11/turn              (no ring)

@: lethally poisoned (0 -> -2), very slow
A: change form in water, swift swim, stealthy swim
a: Bend Time, Renounce Religion


You were on level 3 of the Dungeon.
You worshipped Cheibriados.
Cheibriados was noncommittal.
You were hungry.

You visited 1 branch of the dungeon, and saw 3 of its levels.

You collected 88 gold pieces.

Inventory:

Missiles
 a - 6 arrows
Armour
 b - a +0 robe (worn)
Jewellery
 f - a ring of positive energy (left hand)
Scrolls
 e - 4 scrolls of identify {unknown}
 i - 3 scrolls of teleportation {unknown}
 j - a scroll of remove curse {unknown}
 k - a scroll of random uselessness {unknown}
 l - a scroll of fear {unknown}
 n - 2 scrolls of magic mapping {unknown}
 q - a scroll of enchant weapon {unknown}
Comestibles
 c - 4 chunks of flesh
 d - 4 rations


   Skills:
 * Level 1.4 Fighting
 - Level 2.7 Dodging
 * Level 5.4 Unarmed Combat
 - Level 2.0 Spellcasting
 * Level 4.2 Transmutations


You had 2 spell levels left.
You knew the following spells:

 Your Spells              Type           Power        Failure   Level  Hunger
a - Beastly Appendage     Tmut           ##....       4%          1    ##.....
b - Sticks to Snakes      Tmut           ##......     6%          2    ###....
c - Spider Form           Tmut/Pois      #.........   30%         3    ####...

Your spell library contained the following spells:

 Spells                   Type           Power        Failure   Level  Hunger
 Ice Form                 Ice/Tmut       #.......     69%         4    #####..
 Blade Hands              Tmut           ##........   75%         5    ######.


Dungeon Overview and Level Annotations

Branches:
Dungeon (3/15)

Altars:
Cheibriados
Gozag
Nemelex Xobeh
Ru
Xom


Message History

You create a snake!
You now have 7 arrows.
You feel sick.
You feel sick.
You swap places.
You feel sick.
Your ball python misses the orc.
Your ball python grabs the orc.
Your ball python constricts the orc.
Your ball python bites the orc.
Your ball python constricts the orc.
The orc hits your ball python with a +0 club.
Your ball python dies!
Casting: Sticks to Snakes (safe; 6% risk of failure)
Confirm with . or Enter, or press ? or * to list all spells.
You create a snake!
You now have 6 arrows.
You are feeling hungry.
The orc hits your ball python with a +0 club.
Your ball python dies!
You feel sick.
You feel sick.
You feel sick.
You feel sick.
You feel sick. The orc hits you with a +0 club.
You die...

#..........#####.#
#.#####..........#
# #.#
#.##.#############
#.#
##.##..............
#.#
#.....#############
#.#
#.....#############
#.#
#..................
#.#
#.....#######..###.
#.####.@...#
#......
#.##...o.###
#..#..8 #....##K##
#.รท##.. ###..##.#
#..#### #..##.#
#..##..
#..##.#######
#..#..8
#..##...K...#
#......
#..#######..#
#..#... #..# #.##
#.....#


You could see an orc and a kobold.

Vanquished Creatures
  Natasha (thrice) (D:3)
  3 adders
  2 leopard geckos (D:1)
  A ball python (D:3)
  5 bats
  3 giant cockroaches
  3 hobgoblins
  7 jackals
  3 frilled lizards
  3 goblins
  6 kobolds
  3 rats
42 creatures vanquished.

Notes
Turn   | Place    | Note
-------+----------+-------------------------------------------
     0 | D:1      | psyvane the Merfolk Transmuter began the quest for the Orb.
     0 | D:1      | Reached XP level 1. HP: 15/15 MP: 3/3
   185 | D:1      | Reached XP level 2. HP: 21/21 MP: 3/5
   189 | D:1      | Learned a level 2 spell: Sticks to Snakes
   223 | D:1      | Reached skill level 4 in Unarmed Combat
   422 | D:1      | You fall through a shaft!
   762 | D:2      | Reached XP level 3. HP: 17/26 MP: 4/6
  1234 | D:2      | Found a sacrificial altar of Ru.
  2259 | D:3      | Reached XP level 4. HP: 24/32 MP: 5/7
  2264 | D:3      | Learned a level 3 spell: Spider Form
  2275 | D:3      | Found a snail-covered altar of Cheibriados.
  2314 | D:3      | Became a worshipper of Cheibriados the Contemplative
  2334 | D:3      | Noticed Natasha
  2346 | D:3      | Killed Natasha
  2372 | D:3      | Noticed Natasha
  2385 | D:3      | Killed Natasha
  2385 | D:3      | Reached skill level 5 in Unarmed Combat
  2635 | D:3      | Found a shimmering altar of Xom.
  2930 | D:3      | Noticed Natasha
  2938 | D:3      | Killed Natasha
  2938 | D:3      | Reached XP level 5. HP: 24/37 MP: 3/8
  3046 | D:3      | Found an opulent altar of Gozag.
  3053 | D:3      | Found a sparkling altar of Nemelex Xobeh.
  3085 | D:3      | Slain by an orc

Skill      XL: |  1  2  3  4 |
---------------+-------------+-----
Transmutations | 3 4 |  4.2
Unarmed Combat | 4 5 |  5.4
Fighting       | |  1.4
Dodging        | |  2.7
Spellcasting   | |  2.0

Action                   |  1- 3 |  4- 6 || total
-------------------------+-------+-------++-------
Melee: Unarmed           |   113 |    32 ||   145
       Headbutt          |    14 |     3 ||    17
       Punch             |     1 |       ||     1
 Cast: Beastly Appendage |    22 |     6 ||    28
       Sticks to Snakes  |     1 |     5 ||     6
       Spider Form       |       |     3 ||     3
Invok: Bend Time         |       |     1 ||     1
  Use: Potion            |     6 |       ||     6
 Stab: Sleeping          |     2 |       ||     2
  Eat: Chunk             |     4 |     4 ||     8
Armor: Robe              |    14 |     2 ||    16
       Skin              |     1 |       ||     1
Dodge: Dodged            |    86 |    28 ||   114
